 Dungeon Crawl Stone Soup version 0.30.1-9-gdf580d7c3d (webtiles) character file.

Game seed: 4414478519778831633

2712 monsoonserge the Skirmisher (level 9, 0/46 HPs)
             Began as a Spriggan Hunter on Oct 24, 2023.
             Slain by a killer bee (6 damage)
             ... in the Ecumenical Temple.
             The game lasted 00:21:16 (6398 turns).

monsoonserge the Skirmisher (Spriggan Hunter)       Turns: 6398, Time: 00:21:16

Health: 0/46       AC:  4    Str:  7    XL:     9   Next: 39%
Magic:  10/10      EV: 20    Int: 11    God:
Gold:   392        SH:  0    Dex: 22    Spells: 8/8 levels left

rFire   . . .        a - +0 shortbow
rCold   . . .        (shield currently unavailable)
rNeg    . . .        c - +0 robe
rPois   .            j - +1 hat
rElec   .            h - +0 cloak
rCorr   .            (gloves unavailable)
SInv    +            (boots unavailable)
Will    +....        (no amulet)
Stlth   +++          x - ring of flight
HPRegen 0.27/turn    (no ring)
MPRegen 0.12/turn

%: no passive effects
@: lethally poisoned (0 -> -6), flying, studying Shields, invisible, very quick
A: very small, no large weapons, unfitting armour, see invisible, speed 3
a: no special abilities


You were in the Ecumenical Temple.
You visited 2 branches of the dungeon, and saw 8 of its levels.
You also visited: Sewer.

You collected 392 gold pieces.

Inventory:

Hand Weapons
 a - a +0 shortbow (weapon)
Missiles
 r - 31 poisoned darts
 u - 3 curare-tipped darts
 w - 3 atropa-tipped darts
Armour
 c - a +0 robe (worn)
 h - a +0 cloak (worn)
 j - a +1 hat (worn)
Magical Staves
 y - a staff of earth
Jewellery
 x - a ring of flight (left hand)
Wands
 p - a wand of digging (1)
Scrolls
 b - 3 scrolls of immolation
 d - a scroll of magic mapping
 e - a scroll of enchant armour
 f - 2 scrolls of vulnerability
 k - a scroll of enchant weapon
 n - 3 scrolls of teleportation {unknown}
 o - a scroll of blinking
 B - a scroll of butterflies {unknown}
 C - a scroll of noise {unknown}
Potions
 g - 4 potions of might
 l - 3 potions of mutation
 m - 3 potions of heal wounds
 q - a potion of cancellation
 s - a potion of magic {unknown}
 t - a potion of haste {unknown}
 v - a potion of flight {unknown}
 z - a potion of brilliance {unknown}
 A - a potion of degeneration {unknown}
 D - a potion of attraction {unknown}


   Skills:
 + Level 4.6 Fighting
 + Level 11.9 Ranged Weapons
 + Level 4.4 Dodging
 + Level 3.6 Stealth


You had 8 spell levels left.
You didn't know any spells.
Your spell library contained the following spells:

 Spells                   Type           Power      Damage    Failure   Level
 Apportation              Tloc           0%         N/A       34%         1
 Necrotise                Necr           0%         1d4       34%         1
 Summon Small Mammal      Summ           0%         N/A       34%         1
 Sublimation of Blood     Necr           0%         N/A       47%         2
 Wereblood                Tmut           0%         N/A       47%         2
 Ozocubu's Armour         Ice            0%         N/A       71%         3
 Ozocubu's Refrigeration  Ice            0%         4d7       100%        7
 Summon Hydra             Summ           0%         N/A       100%        7


Dungeon Overview and Level Annotations

Branches:
Dungeon (7/15)             Temple (1/1) D:7           Sewer (visited)

Altars:
Ashenzari
Cheibriados
Dithmenos
Fedhas
Gozag
Hepliaklqana
Kikubaaqudgha
Makhleb
Nemelex Xobeh
Sif Muna
Trog
Uskayaw
Vehumet
Wu Jian
Xom
Yredelemnul
Zin
The Shining One

Shops:
D:1 [


Innate Abilities, Weirdness & Mutations

You are very small and have problems with some larger weapons.
You are too small for most types of armour.
You have supernaturally acute eyesight. (SInv)
You cover ground extremely quickly. (Speed+++)


Message History

You feel sick. The killer bee barely misses you.
The killer bee stings you but does no damage.
The killer bee misses you. The killer bee completely misses you.
The killer bee stings you. The killer bee barely misses you.
Fire: a) +0 shortbow
Press: ? - help, Q - select action, (/) - cycle Shift-Dir - straight line, f/p - killer bee
Aim: a killer bee (moderately wounded, 48% to hit)
You shoot an arrow. The arrow barely misses the killer bee.
You feel sick. The killer bee misses you.
The killer bee completely misses you. x2
The killer bee barely misses you.
The killer bee stings you but does no damage.
The killer bee closely misses you.
Fire: a) +0 shortbow
Press: ? - help, Q - select action, (/) - cycle Shift-Dir - straight line, f/p - killer bee
Aim: a killer bee (moderately wounded, 48% to hit)
You shoot an arrow. The arrow misses the killer bee.
You feel sick.
The killer bee stings you but does no damage.
The killer bee completely misses you. x2
Fire: a) +0 shortbow
Press: ? - help, Q - select action, (/) - cycle Shift-Dir - straight line, f/p - killer bee
Aim: a killer bee (moderately wounded, 48% to hit)
You shoot an arrow. The arrow misses the killer bee.
You feel sick. The killer bee barely misses you. The killer bee misses you. x2
The killer bee completely misses you. The killer bee closely misses you.
The killer bee misses you.
Fire: a) +0 shortbow
Press: ? - help, Q - select action, (/) - cycle Shift-Dir - straight line, f/p - killer bee
Aim: a killer bee (moderately wounded, 48% to hit)
You shoot an arrow. The arrow barely misses the killer bee.
The killer bee barely misses you. The killer bee stings you.
You are more poisoned.
The killer bee poisons you! The killer bee completely misses you.
The killer bee stings you. x2; The killer bee completely misses you.
You fade into invisibility!
You feel very sick. The killer bee stings you.
* * * LOW HITPOINT WARNING * * *
The killer bee closely misses you. The killer bee stings you.
You die...

≈≈≈≈≈.........................≈≈≈
≈................................
................._...............
.._............................._
........._..............._.......
.................................
.................................
....._..........yy..........._...
................@y...............
.................................
........._..............._.......
.._............................._
.................8...............
≈................................
≈≈≈≈≈.........................≈≈≈
≈≈≈≈≈≈≈≈≈≈≈≈≈≈≈≈≈≈≈≈≈≈≈≈≈≈≈≈≈≈≈≈≈
#################################


You could see 3 killer bees.

Vanquished Creatures
  A wyvern (D:7)
  Eustachio (D:5)
  A black bear (D:4)
  2 sky beasts (D:6)
  2 ogres
  A centaur (D:7)
  5 kobold brigands
  3 scorpions
  5 wights
  A killer bee (Temple)
  2 howler monkeys
  3 jellies
  A hound (D:7)
  3 gnoll boudas
  4 orc priests
  2 sleepcaps
  5 iguanas
  Ijyb (D:3)
  2 orc wizards (D:6)
  6 adders
  21 gnolls
  2 shadow imps
  A white imp (D:4)
  2 ufetubi (D:5)
  A worm (D:2)
  4 dart slugs
  17 orcs
  5 ball pythons
  8 endoplasms
  5 giant cockroaches
  9 goblins
  5 hobgoblins
  3 jackals
  5 quokkas
  12 bats
  3 frilled lizards
  28 kobolds
  4 rats
186 creatures vanquished.

Notes
Turn   | Place    | Note
-------+----------+-------------------------------------------
     0 | D:1      | monsoonserge the Spriggan Hunter began the quest for the
                  | Orb.
     0 | D:1      | Reached XP level 1. HP: 10/10 MP: 2/2
    19 | D:1      | Found Jujibicw's Armour Boutique.
    83 | D:1      | Found a faded altar of an unknown god.
   321 | D:1      | Reached XP level 2. HP: 14/14 MP: 3/3
   726 | D:2      | Reached XP level 3. HP: 18/18 MP: 4/4
   811 | D:2      | Reached skill level 5 in Ranged Weapons
  1143 | D:3      | Reached XP level 4. HP: 23/23 MP: 5/5
  1944 | D:3      | Identified the +6 whip of Mutilation {speed, Str+4}
  2128 | D:4      | Found a glowing drain.
  2132 | D:4      | Noticed Ijyb
  2175 | D:3      | Reached skill level 6 in Ranged Weapons
  2175 | D:3      | Reached XP level 5. HP: 25/26 MP: 6/6
  2201 | D:3      | Killed Ijyb
  2236 | Sewer    | Entered a sewer
  2557 | Sewer    | Reached skill level 7 in Ranged Weapons
  2557 | Sewer    | Reached XP level 6. HP: 5/31 MP: 7/7
  2995 | D:4      | Reached XP level 7. HP: 35/35 MP: 8/8
  3008 | D:4      | Found an ancient bone altar of Kikubaaqudgha.
  3017 | D:4      | Reached skill level 8 in Ranged Weapons
  3649 | D:4      | Found a blossoming altar of Fedhas.
  3683 | D:5      | Entered Level 5 of the Dungeon
  3718 | D:5      | Reached skill level 9 in Ranged Weapons
  3943 | D:5      | Reached XP level 8. HP: 40/40 MP: 9/9
  4140 | D:5      | Noticed Eustachio
  4218 | D:5      | Killed Eustachio
  4491 | D:5      | Found a basalt altar of Yredelemnul.
  4789 | D:5      | Reached skill level 10 in Ranged Weapons
  5204 | D:6      | Reached skill level 11 in Ranged Weapons
  5204 | D:6      | Reached XP level 9. HP: 23/45 MP: 10/10
  5573 | D:6      | Found a hazy altar of Hepliaklqana.
  5956 | D:7      | Found a sparkling altar of Nemelex Xobeh.
  6225 | D:7      | Found a staircase to the Ecumenical Temple.
  6231 | Temple   | Entered the Ecumenical Temple
  6398 | Temple   | Slain by a killer bee

Illustrated notes

Levels and vault maps discovered:
D:1:      eino_arrival_tree_alley, layout_basic, basic_ecumenical_altar,
          serial_shops, shop
D:2:      layout_rooms, minmay_misc_feat_diagonals
D:3:      layout_loops_corners, serial_aquarium, aquarium_bridge_square
          [aquarium_subvault_wall, aquarium_subvault_wall,
          aquarium_subvault_window, aquarium_subvault_bridge],
          aquarium_window_fake, aquarium_window_2, aquarium_view_2c,
          aquarium_view_2c, aquarium_pool_five, minivault_11
D:4:      layout_rooms, fedhas_altar_4, kiku_gazebo_pond_becter,
          gup_sewer_entry_glass, minmay_manual_mess, uniq_ijyb
D:5:      layout_gridville, kennysheep_mini, uniq_eustachio
D:6:      layout_loops_ring, marbit_many_paths
D:7:      layout_rooms, nemelex_dance_club_becter, mainiacjoe_overflow_alcove_3,
          minmay_temple_entry_glass, chequers_mini_garden
Temple:   dshaligram_water_room_temple

Skill      XL: |  1  2  3  4  5  6  7  8 |
---------------+-------------------------+-----
Ranged Weapons | 5 6 7 9 11 | 11.9
Fighting       | 2 3 4 |  4.6
Stealth        | 2 3 |  3.6
Dodging        | 3 4 |  4.4

Action                     |  1- 3 |  4- 6 |  7- 9 || total
---------------------------+-------+-------+-------++-------
   Fire: Shortbow          |   117 |   161 |   446 ||   724
    Use: Scroll            |       |     4 |     4 ||     8
         Potion            |       |     3 |     1 ||     4
 Armour: Robe              |     7 |    11 |    16 ||    34
  Dodge: Dodged            |    40 |    72 |   141 ||   253
